 Dungeon Crawl Stone Soup version 0.28-a0-851-g8b9cc49 (webtiles) character file.

Game seed: 10315942601757941540

1946 Meow the Covert (level 9, -3/60 (69) HPs)
             Began as a Naga Ice Elementalist on Nov 14, 2021.
             Was an Initiate of Gozag.
             Killed from afar by an electric eel (5 damage)
             ... with a bolt of electricity
             ... on level 7 of the Dungeon.
             The game lasted 00:31:27 (5875 turns).

Meow the Covert (Naga Ice Elementalist)             Turns: 5875, Time: 00:31:28

HP:   -3/60 (69)    AC: 12    Str: 11    XL:     9   Next: 18%
MP:   14/18         EV:  7    Int: 24    God:    Gozag
Gold: 582           SH:  4    Dex: 15    Spells: 9/20 levels left

rFire   . . .      SeeInvis +   a - +4 dagger
rCold   . . .      Faith    .   s - +0 buckler
rNeg    . . .      Spirit   .   e - +0 robe
rPois   +          Reflect  .   (no helmet)
rElec   .          Harm     .   j - +0 cloak
rCorr   .          Rampage  .   F - +2 pair of gloves {Dex+3}
Will    +....                   r - +0 barding
Stlth   +++++.....              (no amulet)
HPRegen 0.20/turn               G - +6 ring of intelligence
MPRegen 0.16/turn               (no ring)

@: gold aura, heavily drained, very slow
A: AC +3, large, see invisible, deformed body, poison resistance, slowness 2,
spit poison 1, naga tail 1
a: Spit Poison, Renounce Religion, Potion Petition, Call Merchant, Bribe Branch


You were on level 7 of the Dungeon.
You worshipped Gozag.
Gozag was pleased with you.
You visited 2 branches of the dungeon, and saw 8 of its levels.

You collected 639 gold pieces.
You paid 57 gold pieces to Gozag.

Inventory:

Hand Weapons
 a - a +4 dagger (weapon)
 f - a +0 mace
Missiles
 d - 170 stones (quivered)
 i - 57 bolts
 m - 115 arrows
 u - 39 sling bullets
Armour
 b - a +2 kite shield
 e - a +0 robe (worn)
 j - a +0 cloak (worn)
 r - a +0 barding (worn)
 s - a +0 buckler (worn)
 F - a +2 pair of gloves of dexterity (worn)
Magical Staves
 h - a staff of conjuration
Jewellery
 G - a +6 ring of intelligence (left hand)
Wands
 B - a wand of digging (5)
Scrolls
 q - a scroll of fog
 x - a scroll of amnesia
 z - 2 scrolls of teleportation
Potions
 c - 2 potions of flight
 g - a potion of curing {unknown}
 k - a potion of cancellation {unknown}
 l - 3 potions of heal wounds
 v - 3 potions of might
 w - a potion of degeneration {unknown}
 A - 2 potions of lignification {unknown}
 C - 3 potions of resistance
 D - a potion of haste {unknown}
 E - a potion of attraction {unknown}


   Skills:
 + Level 0.8 Fighting
 - Level 1.5 Dodging
 + Level 11.1 Stealth
 + Level 0.7 Shields
 - Level 6.0 Spellcasting
 - Level 8.0 Ice Magic


You had 9 spell levels left.
You knew the following spells:

 Your Spells              Type           Power      Damage    Failure   Level
a - Freeze                Ice            100%       1d11      1%          1
b - Hailstorm             Conj/Ice       26%        3d7       22%         4
e - Ozocubu's Armour      Ice            45%        N/A       1%          3
f - Frozen Ramparts       Ice            90%        1d11      1%          3

Your spell library contained the following spells:

 Spells                   Type           Power      Damage    Failure   Level
 Animate Skeleton         Necr           14%        N/A       11%         1
 Pain                     Necr           28%        1d5       11%         1
 Vampiric Draining        Necr           7%         2d6       32%         3


Dungeon Overview and Level Annotations

Branches:
Dungeon (7/15)             Temple (1/1) D:4

Altars:
Ashenzari
Cheibriados
Dithmenos
Elyvilon
Fedhas
Gozag
Hepliaklqana
Kikubaaqudgha
Makhleb
Nemelex Xobeh
Okawaru
Qazlal
Ru
Sif Muna
Trog
Uskayaw
Vehumet
Wu Jian
Xom
Yredelemnul
Zin
The Shining One

Shops:
D:1 [   D:4 !=   D:6 [   D:7 (

Annotations:
D:5 2 transporters, Liam3024's ghost, legendary HOBe


Innate Abilities, Weirdness & Mutations

Your serpentine skin is tough. (AC +3)
You have supernaturally acute eyesight. (SInv)
Armour fits poorly on your strangely shaped body.
Your system is resistant to poisons. (rPois)
You cover ground very slowly.
You can spit poison.
You have a snake-like lower body.


Message History

The electric eel completely resists.
Casting: Freeze (safe; 1% risk of failure)
Confirm with . or Enter, or press ? or * to list all spells.
Aiming: Freeze (safe; 1% risk of failure)
Press: ? - help, Shift-Dir - straight line, f/p - electric eel
Aim: an electric eel (lightly wounded, slow)
You freeze the electric eel!
The electric eel is heavily wounded.
The electric eel seems to slow down.
The electric eel shoots out a bolt of lightning at you!
The bolt of electricity hits you!
* * * LOW HITPOINT WARNING * * *
The bolt of electricity hits the plant!
The plant begins to die.
Casting: Freeze (safe; 1% risk of failure)
Confirm with . or Enter, or press ? or * to list all spells.
Aiming: Freeze (safe; 1% risk of failure)
Press: ? - help, Shift-Dir - straight line, f/p - electric eel
Aim: an electric eel (heavily wounded, slow)
You freeze the electric eel!
The electric eel is almost dead.
The electric eel shoots out a bolt of lightning at you!
The bolt of electricity hits you!
* * * LOW HITPOINT WARNING * * *
Casting: Freeze (safe; 1% risk of failure)
Confirm with . or Enter, or press ? or * to list all spells.
Aiming: Freeze (safe; 1% risk of failure)
Press: ? - help, Shift-Dir - straight line, f/p - electric eel
Aim: an electric eel (almost dead, slow)
You freeze the electric eel.
You kill the electric eel!
You hear a splash.
Unknown command.
Casting: Freeze (safe; 1% risk of failure)
Confirm with . or Enter, or press ? or * to list all spells.
You can't see any susceptible monsters within range! (Use Z to cast anyway.) Unknown command.
The electric eel shoots out a bolt of lightning at you!
The bolt of electricity hits you.
You die...
Your body crumbles into a pile of gold.

≈≈.>.#....≈P♣.z##...
.≈≈≈♣..#.♣z♣♣≈≈≈.# .##
≈.≈≈≈♣♣ #≈♣≈≈≈≈≈≈≈# ≈.≈S≈
♣♣♣≈≈≈≈≈P≈# ≈.P≈≈♣
♣♣♣≈≈P≈≈≈≈# .#
≈.≈P≈≈♣♣♣≈≈P≈≈≈≈≈♣##.#
≈.≈≈≈≈≈≈≈≈≈S≈≈≈≈≈≈##.####
♣.≈≈≈≈≈≈≈≈≈≈≈≈≈≈♣........
........@................
..≈≈≈≈$≈≈≈P≈≈≈≈≈♣........
♣≈PP≈≈≈≈≈≈≈≈≈≈≈≈≈........
≈≈≈≈≈≈≈≈P≈≈≈≈≈≈≈#........
#P≈≈P≈≈≈≈P≈≈≈♣≈......$...
##♣≈≈≈≈≈≈P≈♣♣♣...........
#♣≈≈≈≈≈♣♣♣♣............
#♣≈≈≈≈♣ ♣.............
#≈≈♣♣♣ ##############


You could see 2 electric eels.

Vanquished Creatures
  Sigmund (D:4)
  Eustachio (D:5)
  A black bear (D:6)
  3 necrophages
  4 ogres
  2 centaurs (D:5)
  A scorpion (D:5)
  A gnoll sergeant (D:5)
  A bullfrog (D:6)
  An electric eel (D:7)
  2 wights (D:6)
  A jelly (D:6)
  A hound (D:5)
  An orc priest (D:5)
  2 bullfrog skeletons (D:6)
  Ijyb (D:4)
  An orc wizard (D:4)
  A scorpion zombie (D:5)
  7 gnolls (D:5)
  13 adders
  A white imp (D:4)
  A worm (D:3)
  23 orcs
  7 ball pythons
  3 endoplasms
  5 giant cockroaches
  6 goblins
  6 hobgoblins
  2 kobolds
  3 quokkas
  4 bats
  10 frilled lizards
  A quokka skeleton (D:4)
  6 rats
124 creatures vanquished.

Vanquished Creatures (others)
  4 plants (D:7)
4 creatures vanquished.

Grand Total: 128 creatures vanquished

Notes
Turn   | Place    | Note
-------+----------+-------------------------------------------
     0 | D:1      | Meow the Naga Ice Elementalist began the quest for the Orb.
     0 | D:1      | Reached XP level 1. HP: 15/15 MP: 3/3
    64 | D:1      | Found Irinub's Armour Emporium.
   131 | D:1      | Found a faded altar of an unknown god.
   203 | D:1      | Reached XP level 2. HP: 22/22 MP: 5/5
   790 | D:2      | Reached skill level 4 in Stealth
   790 | D:2      | Reached XP level 3. HP: 19/28 MP: 2/6
   950 | D:2      | Learned a level 3 spell: Frozen Ramparts
  1232 | D:2      | Reached XP level 4. HP: 30/36 MP: 1/8
  2496 | D:4      | Noticed an ogre
  2496 | D:4      | Noticed an ogre
  2523 | D:4      | Found Seqaasm's Jewellery Emporium.
  2596 | D:4      | Learned a level 3 spell: Ozocubu's Armour
  2675 | D:4      | Reached skill level 5 in Stealth
  2764 | D:4      | Reached XP level 5. HP: 42/42 MP: 9/9
  2842 | D:4      | Noticed a necrophage
  2861 | D:4      | Killed a necrophage
  2862 | D:4      | Reached skill level 5 in Ice Magic
  2863 | D:4      | Killed an ogre
  2864 | D:4      | Reached skill level 6 in Stealth
  2864 | D:4      | Reached XP level 6. HP: 25/49 MP: 1/11
  3127 | D:4      | Found Haequg's Distillery.
  3209 | D:4      | Found a staircase to the Ecumenical Temple.
  3228 | Temple   | Entered the Ecumenical Temple
  3347 | Temple   | Became a worshipper of Gozag Ym Sagoz the Greedy
  3388 | D:4      | Noticed Ijyb
  3395 | D:4      | Killed Ijyb
  3396 | D:4      | Reached skill level 7 in Stealth
  3396 | D:4      | Reached XP level 7. HP: 55/55 MP: 7/13
  3396 | D:4      | Found a hide-covered altar of Uskayaw.
  3599 | D:4      | Noticed Sigmund
  3606 | D:4      | Killed Sigmund
  3765 | D:5      | Entered Level 5 of the Dungeon
  3781 | D:4      | Learned a level 4 spell: Hailstorm
  3840 | D:4      | Reached skill level 8 in Stealth
  4084 | D:5      | Noticed Liam3024's ghost (legendary HOBe)
  4087 | D:5      | Found a transporter.
  4092 | D:5      | Found a transporter.
  4133 | D:5      | Reached XP level 8. HP: 46/62 MP: 9/15
  4155 | D:5      | Reached skill level 5 in Spellcasting
  4354 | D:5      | Reached skill level 9 in Stealth
  4448 | D:5      | Noticed Eustachio
  4460 | D:5      | Killed Eustachio
  5029 | D:6      | Reached skill level 10 in Stealth
  5212 | D:6      | Reached XP level 9. HP: 68/68 MP: 9/18
  5312 | D:6      | Found Besuroesm's Antique Armour Emporium.
  5317 | D:6      | Reached skill level 11 in Stealth
  5818 | D:7      | Found Xutal's Antique Weapon Boutique.
  5873 | D:7      | HP: 2/59 [electric eel/bolt of electricity (12)]
  5875 | D:7      | Killed from afar by an electric eel

Illustrated notes

Levels and vault maps discovered:
D:1:      enne_arrival_octagon_isle, layout_rooms, serial_shops, shop,
          ebering_ecumenical_altar_hall, st_stairs_14, minmay_misc_feat_x,
          serial_bayou_pond_e
D:2:      layout_loops_ring, minivault_5
D:3:      layout_loops_ring
D:4:      layout_loops_ring, eat_drink_and_be_merry_uskayaw,
          minmay_temple_entry_hall, serial_shops, nicolae_shop_window_shopping,
          minmay_shop_enchanted_jewellery, minmay_snake_closets, uniq_sigmund,
          uniq_ijyb
D:5:      layout_rooms, gammafunk_ghost_hive, uniq_eustachio
D:6:      layout_loops_ring, serial_shops, shop
D:7:      layout_rooms, nicolae_ossuary_entry_plus, serial_shops, shop,
          serial_bayou, serial_bayou_lagoon_b, serial_bayou_ford_a,
          serial_bayou_lagoon_a, serial_bayou_pond_e, minmay_joined_circles
Temple:   compressed_dpeg_circular_temple

Skill      XL: |  1  2  3  4  5  6  7  8  9 |
---------------+----------------------------+-----
Stealth        | 4 5 6 7 8 10 11 | 11.1
Spellcasting   | 3 4 6 |  6.0
Ice Magic      | 5 6 7 8 |  8.0
Fighting       | |  0.8
Dodging        | |  1.5
Shields        | |  0.7

Action                   |  1- 3 |  4- 6 |  7- 9 || total
-------------------------+-------+-------+-------++-------
Melee: Dagger            |     1 |    41 |    99 ||   141
Throw: Stone             |     1 |       |     1 ||     2
 Cast: Freeze            |    16 |     7 |    19 ||    42
       Frozen Ramparts   |     1 |    14 |    31 ||    46
       Ozocubu's Armour  |       |     2 |    11 ||    13
       Hailstorm         |       |       |     2 ||     2
 Abil: Spit Poison       |    32 |    21 |    16 ||    69
  Use: Scroll            |     1 |     1 |     9 ||    11
       Potion            |       |       |     1 ||     1
 Stab: Sleeping          |       |     3 |     1 ||     4
       Distracted        |       |       |     1 ||     1
Armor: Robe              |     2 |    20 |    70 ||    92
Dodge: Dodged            |     7 |    12 |    50 ||    69
Block: Buckler           |       |       |     3 ||     3

Table legend: (Time is in decaauts)
 A = Elapsed time spent in this place.
 B = Non-inter-level travel time spent in this place.
 C = Inter-level travel time spent in this place.
 D = Time resting spent in this place.
 E = Time spent auto-exploring this place.
 F = Levels seen in this place.
 G = Mean time per level.
                   A        B        C        D        E       F      G
               +--------+--------+--------+--------+--------+-----+--------+
         Total |   7415 |   6895 |    520 |   1436 |   4130 |   8 |  926.9 |
       Dungeon |   7202 |   6760 |    442 |   1436 |   4020 |   7 | 1028.9 |
        Temple |    212 |    134 |     78 |      0 |    109 |   1 |  212.0 |
               +--------+--------+--------+--------+--------+-----+--------+

Top non-repeatable levels by time:
     D:4: 1643 daAuts
     D:2: 1559 daAuts
     D:6: 1239 daAuts
     D:3: 953 daAuts
     D:5: 852 daAuts
     D:1: 794 daAuts
  Temple: 212 daAuts
     D:7: 160 daAuts
